 Dungeon Crawl Stone Soup version 0.30-a0-50-gb2d611f6b1 (webtiles) character file.

Game seed: 18305831107029831550

1967 anonymouscript the Basher (level 9, -4/75 HPs)
             Began as a Meteoran Fighter on Sept 5, 2022.
             Was a Believer of Okawaru.
             Slain by an orc warrior
             ... wielding a +0 broad axe
              (12 damage)
             ... in a bailey.
             The game lasted 00:16:32 (1854 turns).

anonymouscript the Basher (Meteoran Fighter)        Turns: 1854, Time: 00:16:32

Health: -4/75      AC:  9    Str: 19    XL:     9   Next: 70%
Magic:  10/10      EV: 16    Int:  9    God:    Okawaru [**....]
Gold:   208        SH:  7    Dex: 24    Spells: 8/8 levels left

rFire   . . .      SeeInvis .    a - +1 flail
rCold   . . .      Faith    .    c - +0 buckler
rNeg    . . .      Spirit   .    b - +0 scale mail
rPois   .          Reflect  .    (no helmet)
rElec   .          Harm     .    (no cloak)
rCorr   .          Rampage  .    m - +0 pair of gloves
Will    +....                    (no boots)
Stlth   +.........               (no amulet)
HPRegen 0.22/turn                e - +4 ring of evasion
MPRegen 0.12/turn                d - +6 ring of dexterity

@: glowing
A: sense surroundings 2, otherworldly, glowing, explore regen
a: Renounce Religion, Heroism


You were in a bailey.
You worshipped Okawaru.
Okawaru was pleased with you.
You visited 1 branch of the dungeon, and saw 8 of its levels.
You also visited: Bailey.

You collected 208 gold pieces.

Inventory:

Hand Weapons
 a - a +1 flail (weapon)
 q - a +2 scimitar of holy wrath
 u - a +0 hand axe
Missiles
 f - 3 datura-tipped darts (quivered)
 k - 35 stones
 p - 11 boomerangs
 r - 3 poisoned darts
Armour
 b - a +0 scale mail (worn)
 c - a +0 buckler (worn)
 g - an orb of wrath
 m - a +0 pair of gloves (worn)
Magical Staves
 n - a staff of fire
Jewellery
 d - a +6 ring of dexterity (right hand)
 e - a +4 ring of evasion (left hand)
 l - a ring of poison resistance
Wands
 h - a wand of charming (3)
Scrolls
 j - a scroll of amnesia
 t - a scroll of identify
Potions
 i - a potion of heal wounds {unknown}
 o - a potion of mutation {unknown}
 s - a potion of flight {unknown}


   Skills:
 + Level 6.0 Fighting
 + Level 10.0 Maces & Flails
 + Level 0.5 Throwing
 + Level 7.8 Armour
 + Level 3.6 Dodging
 + Level 0.3 Stealth
 + Level 5.8 Shields


You had 8 spell levels left.
You didn't know any spells.
Your spell library contained the following spells:

 Spells                   Type           Power      Damage    Failure   Level
 Foxfire                  Conj/Fire      0%         2x1d4     80%         1
 Conjure Flame            Conj/Fire      0%         6-21      99%         3
 Gell's Gravitas          Tloc           0%         N/A       99%         3
 Inner Flame              Hex/Fire       0%         N/A       99%         3
 Teleport Other           Tloc           0%         N/A       99%         3
 Flame Wave               Conj/Fire      0%         2d4       100%        4
 Dispersal                Tloc           0%         N/A       100%        6


Dungeon Overview and Level Annotations

Branches:
Dungeon (8/15) Zot: 3010   Bailey (1/1) Zot: 517
 Temple: D:4-7         Lair: D:8-11

Altars:
Makhleb
Okawaru
Sif Muna

Shops:
D:4 *   D:5 [   D:8 *

Annotations:
D:6 Eustachio
D:7 Pikel


Innate Abilities, Weirdness & Mutations

You passively map the area around you.
You are easily found by Zot.
You glow in the dark.
You regain HP and MP as you explore.


Message History

You kill the goblin!
Okawaru accepts your kill.
You hear a splash. x2; You hear a shout!
The orc warrior splashes around in the water.
The orc warrior hits you with a +0 war axe.
A kobold comes into view.
You hit the orc warrior.
The orc warrior is lightly wounded.
You block the orc warrior's attack. The orc warrior closely misses you.
You closely miss the orc warrior.
The orc warrior is lightly wounded.
You block the orc warrior's attack. x2
You thump the orc warrior!
The orc warrior is moderately wounded.
The orc warrior splashes around in the water.
The orc warrior misses you.
You hit the orc warrior.
The orc warrior is heavily wounded.
The orc warrior closely misses you. The orc warrior misses you.
You closely miss the orc warrior.
The orc warrior is heavily wounded.
You block the kobold's attack.
The orc warrior hits you with a +0 broad axe!
The orc warrior hits you with a +0 war axe.
You hit the orc warrior but do no damage.
The orc warrior is heavily wounded.
The orc warrior misses you. The orc warrior closely misses you.
You sock the orc warrior!
The orc warrior is almost dead.
The orc warrior splashes around in the water.
You block the orc warrior's attack.
The orc warrior attacks as you move away!
The orc warrior hits you with a +0 war axe!!
* * * LOW HITPOINT WARNING * * *
You block the kobold's attack.
The orc warrior splashes around in the water.
Items here: ( )) [[ ††††.
The kobold attacks as you move away! The kobold misses you.
The orc warrior hits you with a +0 broad axe!
You die...

....#.....'......♣ , , ,
....#.....'...∩.∩♣ , ~,,
...o#.....'......♣ *, *
,8 ,.8.8##...)#.....♣♣ *
,,, *~ ..!~#...)##....♣
** ,. #.....##...♣ *, ,
** ~ ~ ##......##≈≈♣ ,
,...#########........#≈≈♣
,
...'..oKK@....8..8..#≈≈♣
...#~~~)o#..........# ♣ ,
#~~~~~#.........##~~ * ,
#~~~~~##...8...## * ,
*#.......##.....## ,
*#.........##...## ~ * *
* ♣♣♣.....♣♣ ####~ ~**
♣♣♣∩♣♣♣ * *


You could see 2 orc warriors and 2 kobolds.

Vanquished Creatures
  A cyclops (D:7)
  3 yaks (D:8)
  A water moccasin (D:8)
  3 orc warriors
  2 ogres
  2 lemures
  2 kobold brigands
  A scorpion (D:5)
  2 hounds
  An iguana (D:6)
  4 orc wizards
  Robin (D:3)
  8 gnolls
  5 adders
  7 orcs
  A bat (D:2)
  2 endoplasms (D:4)
  2 giant cockroaches
  19 goblins
  4 hobgoblins
  5 jackals
  19 kobolds
  A quokka (D:5)
  4 ball pythons
  4 frilled lizards
  4 rats
108 creatures vanquished.

Notes
Turn   | Place    | Note
-------+----------+-------------------------------------------
     0 | D:1      | anonymouscript the Meteoran Fighter began the quest for the
                  | Orb.
     0 | D:1      | Reached XP level 1. HP: 19/19 MP: 2/2
   100 | D:1      | Reached XP level 2. HP: 23/26 MP: 3/3
   179 | D:1      | Reached XP level 3. HP: 31/31 MP: 4/4
   236 | D:2      | Reached skill level 3 in Maces & Flails
   402 | D:3      | Reached XP level 4. HP: 32/40 MP: 5/5
   434 | D:3      | Reached skill level 5 in Armour
   571 | D:3      | Reached XP level 5. HP: 44/46 MP: 6/6
   651 | D:4      | Reached skill level 4 in Maces & Flails
   666 | D:4      | Found Laos Oki's Overcharged Wands.
   768 | D:3      | Noticed Robin
   810 | D:3      | Killed Robin
   917 | D:4      | Reached XP level 6. HP: 52/52 MP: 7/7
   936 | D:5      | Entered Level 5 of the Dungeon
   945 | D:5      | Found Maxet's Armour Shop.
   960 | D:5      | Noticed an ogre
   967 | D:5      | Killed an ogre
   968 | D:5      | Reached skill level 5 in Maces & Flails
   971 | D:5      | Found a shimmering blue altar of Sif Muna.
   991 | D:5      | Reached skill level 1 in Dodging
  1066 | D:5      | Reached XP level 7. HP: 19/59 MP: 8/8
  1087 | D:6      | Reached skill level 6 in Maces & Flails
  1273 | D:6      | Noticed Eustachio
  1274 | D:6      | Found a burning altar of Makhleb.
  1300 | D:7      | Reached skill level 7 in Maces & Flails
  1332 | D:7      | Noticed Pikel
  1460 | D:8      | Noticed a yak
  1461 | D:8      | Noticed a yak
  1462 | D:8      | Noticed a yak
  1462 | D:8      | Noticed a yak
  1464 | D:8      | Noticed a yak
  1466 | D:8      | Noticed a yak
  1477 | D:8      | Killed a yak
  1478 | D:8      | Reached XP level 8. HP: 52/67 MP: 9/9
  1488 | D:8      | Found Riorph's Assorted Antiques.
  1522 | D:8      | Found an iron altar of Okawaru.
  1530 | D:8      | Became a worshipper of Warmaster Okawaru
  1554 | D:8      | Reached skill level 5 in Fighting
  1554 | D:8      | Reached skill level 5 in Shields
  1574 | D:8      | Killed a yak
  1575 | D:8      | Reached skill level 8 in Maces & Flails
  1586 | D:8      | Killed a yak
  1587 | D:8      | Gained mutation: You passively map the area around you.
                  | [Meteoran growth]
  1587 | D:8      | Reached XP level 9. HP: 37/74 MP: 10/10
  1602 | D:8      | Reached * piety under Okawaru
  1653 | D:7      | Noticed a cyclops
  1682 | D:7      | Killed a cyclops
  1683 | D:7      | Reached skill level 9 in Maces & Flails
  1745 | D:7      | Found a flagged portal.
  1767 | Bailey   | Entered a bailey
  1772 | Bailey   | Noticed an orc warlord
  1811 | Bailey   | Reached ** piety under Okawaru
  1841 | Bailey   | Reached skill level 10 in Maces & Flails
  1854 | Bailey   | Slain by an orc warrior

Illustrated notes

Levels and vault maps discovered:
D:1:      eino_arrival_water_star, layout_basic,
          dreamdust_ecumenical_altar_hidden_monk_grotto, minmay_vboxes
D:2:      layout_basic
D:3:      layout_basic, gammafunk_temple_overflow_claw,
          gammafunk_ghost_cemetery, uniq_robin
D:4:      layout_basic, minmay_temple_entry_glass,
          nicolae_shop_overcharged_wands
D:5:      layout_rooms, mainiacjoe_overflow_chevrons, serial_shops,
          nicolae_square_shop
D:6:      layout_basic, lemuel_crystal_altar, uniq_eustachio
D:7:      minmay_chambers_of_sevens, layout_basic, enter_bailey_4, uniq_pikel
D:8:      layout_cave_pods, mainiacjoe_overflow_surrounded_room, serial_shops,
          nicolae_shop_temple_entry_statues_fountains
Bailey:   bailey_axe_bossmonster_kennysheep, bailey

Skill      XL: |  1  2  3  4  5  6  7  8  9 |
---------------+----------------------------+-----
Armour         | 4 5 6 7 |  7.8
Maces & Flails | 3 4 5 7 8 10 | 10.0
Shields        | 4 5 |  5.8
Fighting       | 4 5 6 |  6.0
Dodging        | 1 2 3 |  3.6
Throwing       | |  0.5
Stealth        | |  0.3

Action                   |  1- 3 |  4- 6 |  7- 9 || total
-------------------------+-------+-------+-------++-------
Melee: Flail             |    39 |   143 |   252 ||   434
Throw: Dart              |       |       |     3 ||     3
Invok: Heroism           |       |       |     1 ||     1
  Use: Scroll            |       |     1 |     4 ||     5
       Potion            |       |     1 |     2 ||     3
Armor: Scale mail        |    15 |    59 |    64 ||   138
Dodge: Dodged            |    19 |    84 |   124 ||   227
Block: Buckler           |    15 |    54 |    77 ||   146

Table legend: (Time is in decaauts)
 A = Elapsed time spent in this place.
 B = Non-inter-level travel time spent in this place.
 C = Inter-level travel time spent in this place.
 D = Time resting spent in this place.
 E = Time spent auto-exploring this place.
 F = Levels seen in this place.
 G = Mean time per level.
                   A        B        C        D        E       F      G
               +--------+--------+--------+--------+--------+-----+--------+
         Total |   1871 |   1845 |     26 |      0 |    158 |   9 |  207.9 |
       Dungeon |   1789 |   1763 |     26 |      0 |    158 |   8 |  223.6 |
        Bailey |     81 |     81 |      0 |      0 |      0 |   1 |   81.0 |
               +--------+--------+--------+--------+--------+-----+--------+

Top non-repeatable levels by time:
     D:3: 311 daAuts
     D:5: 311 daAuts
     D:4: 276 daAuts
     D:8: 247 daAuts
     D:1: 237 daAuts
     D:7: 213 daAuts
     D:2: 158 daAuts
  Bailey: 81 daAuts
     D:6: 33 daAuts
